 Dungeon Crawl Stone Soup version 0.21-a0-178-g0b87683 (webtiles) character file.

414 namelastname112 the Skirmisher (level 6, 0/57 HPs)
             Began as a Draconian Wanderer on Aug 9, 2017.
             Was a Believer of Nemelex Xobeh.
             Slain by a worker ant (2 damage)
             ... on level 4 of the Dungeon.
             The game lasted 00:04:45 (3655 turns).

namelastname112 the Skirmisher (Draconian Wanderer) Turns: 3655, Time: 00:04:46

Health: 0/57       AC:  7    Str: 13    XL:     6   Next: 60%
Magic:  8/8        EV: 14    Int: 18    God:    Nemelex Xobeh [**....]
Gold:   149        SH:  0    Dex: 17    Spells: 5/5 levels left

rFire    . . .     SeeInvis .   n - +2 trident (venom)
rCold    . . .     Gourm    .   (no shield)
rNeg     . . .     Faith    .   (armour unavailable)
rPois    .         Spirit   .   (helmet restricted)
rElec    .         Reflect  .   (no cloak)
rCorr    .         Harm     .   (no gloves)
MR       .....                  o - +0 pair of boots
Stlth    ++........             (no amulet)
HPRegen  0.19/turn              j - +4 ring of dexterity
MPRegen  0.11/turn              (no ring)

@: brilliant
A: unfitting armour, cold-blooded, AC +6
a: Renounce Religion


You were on level 4 of the Dungeon.
You worshipped Nemelex Xobeh.
Nemelex Xobeh was pleased with you.
You were not hungry.

You visited 1 branch of the dungeon, and saw 5 of its levels.

You collected 149 gold pieces.

Inventory:

Hand Weapons
 n - a +2 trident of venom (weapon)
Missiles
 a - 3 throwing nets (quivered)
Armour
 o - a +0 pair of boots (worn)
Jewellery
 j - a +4 ring of dexterity (left hand)
Scrolls
 l - 3 scrolls of remove curse
Potions
 b - a potion of magic
 d - a potion of brilliance
 e - a potion of ambrosia {unknown}
 i - a potion of berserk rage {unknown}
 k - a potion of flight {unknown}
 s - 2 potions of mutation {unknown}
 t - a potion of degeneration {unknown}
 x - a potion of agility {unknown}
Miscellaneous
 h - a plain deck of destruction
 q - an ornate deck of destruction
 u - an ornate deck of destruction
Comestibles
 c - 4 royal jellies
 f - 3 bread rations
 g - a meat ration
 m - a chunk of flesh
 r - 7 fruits


   Skills:
 + Level 6.1 Fighting
   Level 1.0 Long Blades
 + Level 2.4 Polearms
   Level 1.7 Bows
 - Level 1.0 Throwing
 + Level 3.4 Dodging
   Level 1.0 Shields
 + Level 3.2 Invocations


You had 5 spell levels left.
You didn't know any spells.

Dungeon Overview and Level Annotations

Branches:
Dungeon (5/15)             Temple (0/1) D:4

Altars:
Ashenzari
Nemelex Xobeh
Okawaru
Qazlal
Ru
Yredelemnul
Zin

Annotations:
D:5 Pikel


Innate Abilities, Weirdness & Mutations

Your plain brown scales are hard. (AC +6)
You cannot fit into any form of body armour.
You are cold-blooded and may be slowed by cold attacks.


Message History

You barely miss the orc wizard. The orc wizard hits you with a dagger.
* * * LOW HITPOINT WARNING * * *
The worker ant bites you.
* * * LOW HITPOINT WARNING * * *
The orc wizard hits you with a dagger.
* * * LOW HITPOINT WARNING * * *
You take 10 damage, and have 3/57 hp.
It was a potion of brilliance.
You feel clever all of a sudden. The worker ant barely misses you.
The orc wizard closely misses you. The worker ant misses you.
The orc wizard casts a spell at you. You resist with some effort.
It was a potion of magic.
Magic courses through your body. The orc wizard casts a spell at you.
The magic dart hits you!
* * * LOW HITPOINT WARNING * * *
The worker ant bites you.
You die...
Your body glows slightly and disappears.

#........# #........#
#........#######
##...............
##........[.......
#.................
#.................
#..######.....##..
####@o...............
#....a.....########.#
#....................
#..........#....###'#
#..........#....##...
#..........#######...
#...#................
#...###############..
#...# ##.........


You could see a worker ant and an orc wizard.

Vanquished Creatures
  A slave (D:4)
  A scorpion (D:4)
  2 hounds
  A bullfrog skeleton (D:4)
  An orc priest (D:4)
  2 iguanas
  An orc wizard (D:5)
  2 worker ants
  3 adders
  2 oozes
  An adder skeleton (D:4)
  3 worms
  3 dart slugs
  2 leopard geckos
  5 orcs (D:4)
  6 bats
  3 giant cockroaches
  6 goblins
  4 hobgoblins
  3 jackals (D:3)
  3 quokkas
  3 ball pythons
  8 frilled lizards
  6 kobolds
  11 rats
  A spectral orc (D:2)
84 creatures vanquished.

Notes
Turn   | Place    | Note
-------+----------+-------------------------------------------
     0 | D:1      | namelastname112 the Draconian Wanderer began the quest for the Orb.
     0 | D:1      | namelastname112 set off with: 3 throwing nets, a +0 quarterstaff, a +0 shortbow, 28 arrows, a bread ration
     0 | D:1      | Reached XP level 1. HP: 22/22 MP: 1/1
    85 | D:1      | Reached XP level 2. HP: 18/28 MP: 2/2
   261 | D:1      | Found a sparkling altar of Nemelex Xobeh.
   288 | D:1      | Became a worshipper of Nemelex Xobeh the Trickster
   324 | D:1      | Received a gift from Nemelex Xobeh
   802 | D:2      | Reached XP level 3. HP: 19/35 MP: 3/3
   969 | D:2      | Reached skill level 5 in Fighting
  1004 | D:2      | Found a stormy altar of Qazlal.
  1077 | D:2      | Found an iron altar of Okawaru.
  1210 | D:2      | Reached * piety under Nemelex Xobeh
  1423 | D:2      | Reached skill level 1 in Invocations
  1809 | D:2      | Found a basalt altar of Yredelemnul.
  2033 | D:3      | Reached XP level 4. HP: 42/42 MP: 4/4
  2146 | D:3      | Found a glowing silver altar of Zin.
  2169 | D:3      | Received a gift from Nemelex Xobeh
  2194 | D:3      | Found a shattered altar of Ashenzari.
  2399 | D:3      | Reached ** piety under Nemelex Xobeh
  2663 | D:3      | Reached skill level 1 in Polearms
  2762 | D:4      | Received a gift from Nemelex Xobeh
  2775 | D:4      | Reached XP level 5. HP: 47/48 MP: 6/6
  2892 | D:4      | Found a sacrificial altar of Ru.
  3021 | D:4      | Found a staircase to the Ecumenical Temple.
  3176 | D:4      | Reached XP level 6. HP: 57/57 MP: 7/7
  3520 | D:5      | Entered Level 5 of the Dungeon
  3520 | D:5      | Noticed Pikel
  3520 | D:5      | Noticed a slave
  3520 | D:5      | Noticed a slave
  3520 | D:5      | Noticed a slave
  3520 | D:5      | Noticed a slave
  3527 | D:4      | Killed a slave
  3547 | D:4      | Reached skill level 6 in Fighting
  3655 | D:4      | HP: 2/57 [orc wizard/magic dart (1)]
  3655 | D:4      | Slain by a worker ant

Vault maps used:
D:1:      eino_arrival_cavern_b, nemelex_xobeh_ov_fountains_minmay
D:2:      lemuel_round_altar, yredelemnul_forgotten_temple_becter,
          lemuel_doored_altar, serial_glass, glass_columns_a, glass_columns_a
D:3:      evilmike_ruin_ashenzari, zin_statuary
D:4:      nicolae_overflow_crystal_walls, minmay_temple_entry_large_hall,
          first_bread
D:5:      nicolae_overflow_hidden_temple, lemuel_crystal_altar, uniq_pikel

Skill      XL: |  1  2  3  4  5  6 |
---------------+-------------------+-----
Dodging        | 2 3 |  3.4
Fighting       | 5 6 |  6.1
Invocations    | 1 2 3 |  3.2
Polearms       | 1 2 |  2.4
Long Blades    | |  1.0
Bows           | |  1.7
Throwing       | |  1.0
Shields        | |  1.0

Action                   |  1- 3 |  4- 6 || total
-------------------------+-------+-------++-------
Melee: Quarterstaff      |   102 |       ||   102
       Tailslap          |    10 |    12 ||    22
       Trident           |    33 |   116 ||   149
  Use: Scroll            |       |     3 ||     3
       Potion            |       |     2 ||     2
 Stab: Sleeping          |     6 |     1 ||     7
       Distracted        |       |     1 ||     1
  Eat: Chunk             |     3 |     6 ||     9
Armor: Skin              |    46 |    21 ||    67
Dodge: Dodged            |   109 |    65 ||   174
